 Dungeon Crawl Stone Soup version 0.31-a0-437-g7cee417757 (webtiles) character file.

Game seed: 4696469491908777692

24 Ethylacetat the Insei (level 3, 0/20 HPs)
             Began as a Vine Stalker Monk on Aug 2, 2023.
             Slain by a worm (6 damage)
             ... on level 2 of the Dungeon.
             The game lasted 00:00:22 (265 turns).

Ethylacetat the Insei (Vine Stalker Monk)            Turns: 265, Time: 00:00:22

Health: 0/20       AC:  2    Str: 13    XL:     3   Next: 2%
Magic:  0/4        EV: 13    Int: 10    God:
Gold:   17         SH:  0    Dex: 18    Spells: 2/2 levels left

rFire   . .          .
                       - Unarmed
rCold   . . .        c - orb {light}
rNeg    . . .        a - +0 robe
rPois   .            (no helmet)
rElec   .            (no cloak)
rCorr   .            (no gloves)
SInv    .            (no boots)
Will    .....        (no amulet)
Stlth   +            (no ring)
HPRegen 0.23/turn    (no ring)
MPRegen 0.09/turn

%: guardian spirit
@: glowing
A: fangs 2, magic shield, antimagic bite, no potion heal 2
a: no special abilities


You were on level 2 of the Dungeon.
You visited 1 branch of the dungeon, and saw 2 of its levels.

You collected 17 gold pieces.

Inventory:

Armour
 a - a +0 robe (worn)
 c - an orb of light (worn)
Jewellery
 d - a +6 ring of intelligence
Potions
 b - a potion of ambrosia
 e - a potion of mutation {unknown}
 f - a potion of haste {unknown}


   Skills:
 + Level 3.1 Fighting
 + Level 2.7 Dodging
 + Level 3.3 Unarmed Combat


You had 2 spell levels left.
You didn't know any spells.
Your spell library was empty.

Dungeon Overview and Level Annotations

Branches:
Dungeon (1/15)

Altars:

Shops:
D:2 *


Innate Abilities, Weirdness & Mutations

You have extremely sharp teeth.
When hurt, damage is shared between your health and your magic reserves.
Your bite disrupts and absorbs the magic of your enemies.
Potions cannot restore your health.


Message History

There are monsters nearby!
You hit the hobgoblin but do no damage. The hobgoblin hits you.
The frilled lizard closely misses you.
There are monsters nearby!
You hit the hobgoblin.
You bite the hobgoblin, but do no damage.
The hobgoblin is almost dead.
The hobgoblin misses you.
The frilled lizard bites you but does no damage.
There are monsters nearby!
You hit the hobgoblin but do no damage.
The hobgoblin is almost dead.
The hobgoblin hits you but does no damage.
The frilled lizard bites you.
There are monsters nearby!
You hit the hobgoblin.
You kill the hobgoblin!
A worm comes into view.
The frilled lizard closely misses you.
You have reached level 3!
Your experience leads to an increase in your attributes!
Increase (S)trength, (I)ntelligence, or (D)exterity?
You feel agile. x2
You hit the frilled lizard.
You kill the frilled lizard!
Found 13 gold pieces.
The worm bites you!
You are too injured to fight recklessly!
You are too injured to fight recklessly!
You are too injured to fight recklessly!
You hit the worm.
The worm is lightly wounded.
You hit the worm. You bite the worm, but do no damage.
The worm is moderately wounded.
The worm bites you.
* * * LOW HITPOINT WARNING * * *
You hit the worm.
The worm is moderately wounded.
The worm bites you!
You die...

......########
.............#
............$#
.............#
.............
.........
#..w.#
.####..@.##
..........#
.####.∩...#
#.....#
#####.# ##
##.######
...##.......#
.....)..###.#
...##.....#


You could see a worm.

Vanquished Creatures
  An adder (D:2)
  A dart slug (D:2)
  A ball python (D:1)
  A bat (D:2)
  An endoplasm (D:2)
  A giant cockroach (D:1)
  A hobgoblin (D:2)
  A kobold (D:1)
  2 quokkas (D:1)
  A frilled lizard (D:2)
11 creatures vanquished.

Notes
Turn   | Place    | Note
-------+----------+-------------------------------------------
     0 | D:1      | Ethylacetat the Vine Stalker Monk began the quest for the
                  | Orb.
     0 | D:1      | Reached XP level 1. HP: 11/11 MP: 2/2
   105 | D:1      | Reached XP level 2. HP: 16/16 MP: 3/3
   112 | D:1      | You fall into a shaft and drop 1 floor!
   253 | D:2      | Found Woecrell's General Store.
   258 | D:2      | Reached XP level 3. HP: 14/20 MP: 4/4
   265 | D:2      | Slain by a worm

Illustrated notes

Levels and vault maps discovered:
D:1:      evilmike_arrival_plus, layout_loops_ring
D:2:      minmay_recursive_quarters, layout_basic, serial_shops, shop,
          uniq_sigmund, uniq_jessica

Skill      XL: |  1  2 |
---------------+-------+-----
Fighting       | 3 |  3.1
Dodging        | |  2.7
Unarmed Combat | |  3.3

Action                     || total
---------------------------++-------
  Melee: Unarmed           ||    32
         Bite              ||     9
 Armour: Robe              ||     4
  Dodge: Dodged            ||    18

Table legend: (Time is in decaauts)
 A = Elapsed time spent in this place.
 B = Non-inter-level travel time spent in this place.
 C = Inter-level travel time spent in this place.
 D = Time resting spent in this place.
 E = Time spent auto-exploring this place.
 F = Levels seen in this place.
 G = Mean time per level.
                   A        B        C        D        E       F      G
               +--------+--------+--------+--------+--------+-----+--------+
         Total |    263 |    263 |      0 |      0 |    200 |   2 |  131.5 |
       Dungeon |    263 |    263 |      0 |      0 |    200 |   2 |  131.5 |
               +--------+--------+--------+--------+--------+-----+--------+

Top non-repeatable levels by time:
     D:2: 151 daAuts
     D:1: 111 daAuts
